 Dungeon Crawl Stone Soup version 0.22-a0-414-gacd343e8ff (webtiles) character file.

101009 Kriby the Severer (level 15, -1/141 HPs)
             Began as a Minotaur Berserker on May 13, 2018.
             Was the Champion of Trog.
             Slain by an emperor scorpion (11 damage)
             ... on level 1 of the Spider Nest.
             The game lasted 00:22:47 (21718 turns).

Kriby the Severer (Minotaur Berserker)             Turns: 21718, Time: 00:22:49

Health: -1/141     AC:  2    Str: 37    XL:     15   Next: 82%
Magic:  14/14      EV: 17    Int:  4    God:    Trog [******]
Gold:   2209       SH:  0    Dex:  9    Spells: 14/14 levels left

rFire    x . .     SeeInvis .   x - +3 battleaxe (vamp)
rCold    + + +     Gourm    .   (shield currently unavailable)
rNeg     + . .     Faith    .   J - +0 ice dragon scales
rPois    +         Spirit   .   (helmet restricted)
rElec    +         Reflect  .   W - scarf {repulsion}
rCorr    .         Harm     .   i - +0 pair of gloves
MR       +....                  G - +2 pair of boots of the Invisible Spirits {+Inv rN+}
Stlth    ..........             d - amulet of regeneration
HPRegen  0.73/turn              t - ring of poison resistance
MPRegen  0.14/turn              V - ring of the Leaf {rElec rC+ AC+2 Str+8}

@: confused, lethally poisoned (-1 -> -1), corroded, berserk cooldown, slowed,
repel missiles, very slow
A: retaliatory headbutt, horns 2
a: Berserk, Trog's Hand, Brothers in Arms, Renounce Religion, Evoke Invisibility


You were on level 1 of the Spider Nest.
You worshipped Trog.
Trog was exalted by your worship.
You were hungry.

You visited 4 branches of the dungeon, and saw 24 of its levels.
You also visited: Ice Cave.

You collected 2687 gold pieces.
You spent 478 gold pieces at shops.

Inventory:

Hand Weapons
 a - a +6 antimagic executioner's axe
 f - a +5 antimagic battleaxe
 j - a +4 executioner's axe of chopping
 x - a +3 vampiric battleaxe (weapon)
 L - a +5 broad axe of freezing
Armour
 i - a +0 pair of gloves (worn)
 G - the +2 pair of boots of the Invisible Spirits (worn) {+Inv rN+}
   (You found it on level 6 of the Dungeon)

   It protects you from negative energy.
   It lets you turn invisible.
 J - +0 ice dragon scales (worn)
 W - a scarf of repulsion (worn)
 Y - a +0 shield
Jewellery
 d - an amulet of regeneration (around neck)
 t - a ring of poison resistance (left hand)
 H - an uncursed ring of positive energy
 T - an uncursed ring of protection from fire
 V - the ring of the Leaf (right hand) {rElec rC+ AC+2 Str+8}
   (You took it off a centaur on level 14 of the Dungeon)

   [ring of protection]

   It affects your AC (+2).
   It affects your strength (+8).
   It protects you from cold.
   It insulates you from electricity.
 Z - an uncursed ring of resist corrosion
Wands
 n - a wand of flame (55)
 o - a wand of acid (18)
 F - a wand of random effects (73)
 I - a wand of polymorph (17)
 N - a wand of scattershot (5)
 Q - a wand of clouds (5)
 R - a wand of iceblast (4)
 S - a wand of disintegration (12)
Scrolls
 g - 11 scrolls of remove curse
 k - 3 scrolls of immolation
 p - 12 scrolls of identify
 q - 5 scrolls of enchant armour
 r - a scroll of torment
 u - 4 scrolls of blinking
 w - 13 scrolls of teleportation
 y - 3 scrolls of holy word {unknown}
 A - 3 scrolls of noise
 B - a scroll of vulnerability {unknown}
 E - 3 scrolls of magic mapping
 P - a scroll of fog
 U - a scroll of summoning {unknown}
Potions
 e - a potion of berserk rage
 h - 7 potions of brilliance
 l - 4 potions of heal wounds
 m - 4 potions of curing
 s - 3 potions of lignification
 v - 2 potions of ambrosia
 C - a potion of agility
 D - 4 potions of magic
 M - 3 potions of cancellation
Miscellaneous
 b - 2 boxes of beasts
Comestibles
 c - 53 rations


   Skills:
 + Level 15.3 Fighting
 * Level 20.0 Axes
 + Level 15.1 Armour
 + Level 14.0 Dodging


You had 14 spell levels left.
You didn't know any spells.
Your spell library was empty.

Dungeon Overview and Level Annotations

Branches:
Dungeon (15/15)            Temple (0/1) D:5            Lair (6/6) D:11
 Shoals (0/4) Lair:4       Spider (1/4) Lair:4        Slime (0/5) Lair:5
    Orc (2/2) D:9             Elf (0/3) Orc:2        Vaults (0/5) D:13
 Depths (0/5) D:15

Altars:
Elyvilon
Hepliaklqana
Okawaru
Qazlal
Sif Muna
Trog
Vehumet
Wu Jian

Shops:
D:13 =   D:14 (   Orc:2 [*(:

Annotations:
D:4 exclusion: door
D:10 1 runed door
D:14 2 transporters, exclusion: orange crystal statue


Innate Abilities, Weirdness & Mutations

You reflexively headbutt those who attack you in melee.
You have a pair of horns on your head.


Message History

The emperor scorpion tears through a web.
The tarantella bites you!!
* * * LOW HITPOINT WARNING * * *
You are more confused.
You closely miss the entropy weaver. You headbutt the entropy weaver.
The entropy weaver is lightly wounded.
You slice the jumping spider!! You closely miss the tarantella.
You miss the tarantella.
You hit the emperor scorpion but do no damage.
You feel sick. The tarantella bites you!
* * * LOW HITPOINT WARNING * * *
The jumping spider closely misses you. The jumping spider barely misses you.
The tarantella closely misses you. The entropy weaver hits you!
* * * LOW HITPOINT WARNING * * *
The entropy weaver completely misses you.
The entropy weaver misses you. The entropy weaver closely misses you.
The emperor scorpion stings you!
* * * LOW HITPOINT WARNING * * *
The emperor scorpion misses you. The emperor scorpion claws you!
You die...

##....s..††....... .
#.................
..#.....†...........
......>...#....##...
.........##....# ..
........##.ss.## .
.##.....†...§..#
#.......s.ass.#
#.###......@s.# ##
#.......s.## ..
.....%....### ....
#.........†.<##.....
##...........^......
#...................
.....#.....†....##.^
.####.........##
#...#...#^##


You could see an emperor scorpion, an entropy weaver, 3 orb spiders, a jumping
spider and 2 tarantellas.

Vanquished Creatures
  Rupert (Orc:2)
  Kirke (D:14)
  The ghost of brujo666 the Peltast, an adept FoFi of Okawaru (D:13)
  2 orc warlords
  Snorg (Lair:3)
  Harold (Lair:4)
  An ettin (D:15)
  2 ice dragons (IceCv)
  3 hydras
  Erica (D:9)
  The ghost of Kriby the Grappler, a novice TrMo of Okawaru (D:9)
  2 centaur warriors
  11 two-headed ogres
  A death yak (Lair:4)
  A death knight (D:15)
  A catoblepas (Lair:4)
  2 ogre magi
  3 tengu warriors
  Sonja (D:14)
  A deep elf knight (D:15)
  An orc high priest (Orc:2)
  A slime creature (D:13)
  2 unseen horrors
  A deep elf archer (D:15)
  4 orc knights (Orc:2)
  A wizard (D:14)
  A necromancer (Lair:3)
  5 orc sorcerers
  2 wolf spiders (Spider:1)
  7 ugly things
  A deep elf mage (D:15)
  2 manticores
  6 black mambas
  2 cyclopes
  An elephant (shapeshifter) (D:13)
  A merfolk siren (Lair:4)
  2 ice statues (IceCv)
  9 komodo dragons
  2 gargoyles
  8 centaur skeletons
  14 spiny frogs
  2 rime drakes (IceCv)
  An efreet (D:15)
  A demonic crawler (Spider:1)
  2 kobold demonologists (D:13)
  A komodo dragon (shapeshifter) (D:14)
  2 tengu conjurers
  6 trolls
  5 polar bears
  4 jumping spiders (Spider:1)
  7 hornets
  Prince Ribbit (D:9)
  9 blink frogs
  10 hippogriffs
  Grinder (D:6)
  5 dream sheep (Lair:4)
  Sigmund (D:2)
  15 redbacks (Spider:1)
  3 tarantellas (Spider:1)
  14 spriggans
  A shadow (D:11)
  A human (shapeshifter) (D:13)
  3 wraiths
  A basilisk (Lair:6)
  A hog (shapeshifter) (D:13)
  4 wyverns
  25 yaks
  6 hogs (D:14)
  8 vampire mosquitoes
  2 hungry ghosts
  Grum (D:9)
  Edmund (D:5)
  Eustachio (D:6)
  6 wargs
  An acid dragon (D:11)
  A soldier ant (D:10)
  21 water moccasins
  16 porcupines
  31 orc warriors
  3 sky beasts
  2 eyes of draining
  16 ice beasts
  3 black bears
  4 boggarts (Lair:6)
  A phantom (D:7)
  9 ogres
  54 wolves
  10 centaurs
  10 crocodiles
  A big kobold (D:13)
  Blork the orc (D:4)
  19 bullfrogs
  7 scorpions
  A wyvern skeleton (D:7)
  14 killer bees
  9 wights
  2 electric eels (Lair:4)
  2 howler monkeys (D:12)
  6 crimson imps
  3 centaur zombies
  A quasit (D:15)
  4 hounds
  20 orc wizards
  11 orc priests
  15 jellies
  Crazy Yiuf (D:6)
  Jessica (D:3)
  9 iguanas
  15 worker ants
  4 hell rats (Lair:3)
  5 polar bear simulacra (Lair:3)
  A wolf simulacrum (Lair:3)
  4 yak simulacra (Lair:3)
  A killer bee zombie (D:10)
  2 hound zombies (D:8)
  3 hound skeletons
  2 howler monkey skeletons
  11 adders
  2 shadow imps
  5 oozes
  2 worms (D:2)
  An adder skeleton (D:5)
  An adder zombie (D:9)
  A dart slug (D:3)
  10 leopard geckos
  65 orcs
  5 ball pythons
  9 giant cockroaches
  13 goblins
  16 hobgoblins
  6 jackals
  8 kobolds
  2 quokkas
  10 bats
  7 frilled lizards
  A quokka skeleton (D:5)
  10 rats
  A river rat simulacrum (Lair:3)
  A bush (D:6)
  3 butterflies (D:10)
  9 fungi
  13 plants
820 creatures vanquished.

Vanquished Creatures (others)
  2 redbacks (Spider:1)
  19 fungi
  6 plants
27 creatures vanquished.

Grand Total: 847 creatures vanquished

Notes
Turn   | Place    | Note
-------+----------+-------------------------------------------
     0 | D:1      | Kriby the Minotaur Berserker began the quest for the Orb.
     0 | D:1      | Reached XP level 1. HP: 19/19 MP: 0/0
   133 | D:1      | Reached XP level 2. HP: 27/27 MP: 1/1
   322 | D:1      | Reached skill level 4 in Axes
   439 | D:1      | Reached XP level 3. HP: 32/33 MP: 2/2
   465 | D:1      | Reached ** piety under Trog
   735 | D:2      | Noticed Sigmund
   746 | D:2      | Killed Sigmund
   746 | D:2      | Reached XP level 4. HP: 41/41 MP: 3/3
   746 | D:2      | Reached XP level 5. HP: 47/47 MP: 4/4
   986 | D:2      | Reached skill level 5 in Fighting
   988 | D:2      | Found a stormy altar of Qazlal.
  1049 | D:2      | Reached skill level 5 in Axes
  1129 | D:2      | Found a faded altar of an unknown god.
  1431 | D:3      | Noticed Jessica
  1442 | D:3      | Killed Jessica
  1513 | D:3      | Reached XP level 6. HP: 54/56 MP: 5/5
  1594 | D:3      | Reached *** piety under Trog
  1845 | D:3      | Found a hazy altar of Hepliaklqana.
  2500 | D:4      | Reached XP level 7. HP: 61/62 MP: 6/6
  2625 | D:4      | Reached skill level 5 in Armour
  2650 | D:4      | Found a radiant altar of Vehumet.
  2650 | D:4      | Found a faded altar of an unknown god.
  2655 | D:4      | Found a faded altar of an unknown god.
  2656 | D:4      | Noticed Blork the orc
  2657 | D:4      | Found an ornate altar of the Wu Jian Council.
  2658 | D:4      | Found an iron altar of Okawaru.
  2664 | D:4      | Killed Blork the orc
  2716 | D:4      | Found a deep blue altar of Sif Muna.
  2890 | D:5      | Entered Level 5 of the Dungeon
  2942 | D:5      | Reached skill level 6 in Axes
  2982 | D:5      | Noticed Edmund
  2991 | D:5      | Killed Edmund
  2991 | D:5      | Reached skill level 5 in Dodging
  3248 | D:5      | Found a staircase to the Ecumenical Temple.
  3279 | D:5      | Found a deep blue altar of Sif Muna.
  3739 | D:6      | Found a white marble altar of Elyvilon.
  3937 | D:6      | Noticed Grinder
  3939 | D:6      | Paralysed by Grinder for 4 turns
  3949 | D:6      | Killed Grinder
  3949 | D:6      | Reached skill level 7 in Axes
  3949 | D:6      | Reached XP level 8. HP: 71/71 MP: 2/7
  3992 | D:6      | Reached **** piety under Trog
  4363 | D:6      | Noticed Eustachio
  4373 | D:6      | Killed Eustachio
  4373 | D:6      | Reached skill level 8 in Axes
  4633 | D:6      | Got a pair of spiked boots
  4634 | D:6      | Identified the +2 pair of boots of the Invisible Spirits {+Inv rN+} (You found it on level 6 of the Dungeon)
  4886 | D:6      | Found a runed door.
  4890 | D:6      | Noticed Crazy Yiuf
  4893 | D:6      | Killed Crazy Yiuf
  4988 | D:7      | Noticed a hippogriff
  4993 | D:7      | Reached XP level 9. HP: 79/79 MP: 2/8
  4995 | D:7      | Reached skill level 9 in Axes
  5024 | D:7      | Found a white marble altar of Elyvilon.
  5676 | D:8      | Noticed a two-headed ogre
  5684 | D:8      | Killed a two-headed ogre
  5684 | D:8      | Reached skill level 10 in Axes
  5751 | D:8      | Noticed a troll
  5759 | D:8      | Killed a troll
  5981 | D:8      | Reached ***** piety under Trog
  5997 | D:8      | Reached XP level 10. HP: 90/90 MP: 3/9
  6058 | D:8      | Noticed a two-headed ogre
  6075 | D:8      | Killed a two-headed ogre
  6075 | D:8      | Reached skill level 11 in Axes
  6147 | D:8      | Noticed a two-headed ogre
  6155 | D:8      | Killed a two-headed ogre
  6517 | D:9      | Found a bloodstained altar of Trog.
  6611 | D:9      | Noticed Prince Ribbit
  6617 | D:9      | Killed Prince Ribbit
  6719 | D:9      | Reached skill level 12 in Axes
  6721 | D:9      | Received a gift from Trog
  6772 | D:9      | Found a staircase to the Orcish Mines.
  6785 | D:9      | Noticed Kriby's ghost (novice TrMo)
  6796 | D:9      | Killed Kriby's ghost
  6796 | D:9      | Reached skill level 10 in Fighting
  6850 | D:9      | Noticed Erica
  6857 | D:9      | Killed Erica
  6857 | D:9      | Reached XP level 11. HP: 95/99 MP: 3/10
  7030 | D:9      | Received a gift from Trog
  7123 | D:9      | Noticed Grum
  7136 | D:9      | Killed Grum
  7394 | D:10     | Entered Level 10 of the Dungeon
  7473 | D:10     | Reached skill level 10 in Armour
  7514 | D:10     | Reached skill level 13 in Axes
  7631 | D:10     | Noticed a two-headed ogre
  7639 | D:10     | Killed a two-headed ogre
  7714 | D:10     | Killed an unseen horror
  7855 | D:10     | Found a runed door.
  8107 | D:10     | Found a runed door.
  8410 | D:11     | Noticed a two-headed ogre
  8418 | D:11     | Killed a two-headed ogre
  8571 | D:11     | Found the +9 heavy crossbow "Sniper" {velocity, Acc+∞ SInv}
  8730 | D:11     | Reached skill level 14 in Axes
  8745 | D:11     | Found a staircase to the Lair.
  8749 | D:11     | Reached skill level 10 in Dodging
  8761 | D:11     | Received a gift from Trog
  9026 | D:11     | Reached XP level 12. HP: 102/110 MP: 3/11
  9157 | Lair:1   | Entered Level 1 of the Lair of Beasts
  9394 | Lair:1   | Found a frozen archway.
  9523 | IceCv    | Entered an ice cave
  9931 | IceCv    | Noticed an ice dragon
  9932 | IceCv    | Noticed an ice dragon
  9941 | IceCv    | Killed an ice dragon
  9944 | IceCv    | Killed an ice dragon
  9944 | IceCv    | Reached skill level 15 in Axes
 10212 | IceCv    | Got a sparkling steel amulet
 10229 | IceCv    | Identified the amulet of Nobb {Inacc rF+ SInv} (You found it in an ice cave)
 11068 | Lair:2   | Noticed a seven-headed hydra
 11077 | Lair:2   | Killed an 11-headed hydra
 12062 | Lair:3   | Noticed a seven-headed hydra
 12068 | Lair:3   | Killed a nine-headed hydra
 12108 | Lair:3   | Reached XP level 13. HP: 118/119 MP: 4/12
 12175 | Lair:3   | Noticed Snorg
 12187 | Lair:3   | Killed Snorg
 12187 | Lair:3   | Reached skill level 16 in Axes
 12596 | Lair:3   | Received a gift from Trog
 12957 | Lair:4   | Noticed Harold
 12970 | Lair:4   | Killed Harold
 13549 | Lair:4   | Found a staircase to the Shoals.
 13640 | Lair:4   | Found a hole to the Spider Nest.
 13944 | Lair:5   | Reached skill level 17 in Axes
 14044 | Lair:5   | Found a staircase to the Slime Pits.
 14047 | Lair:5   | Reached ****** piety under Trog
 14413 | Lair:6   | Entered Level 6 of the Lair of Beasts
 14468 | Lair:6   | Received a gift from Trog
 14868 | Lair:6   | Reached XP level 14. HP: 87/129 MP: 4/13
 15021 | Lair:6   | Found a dark tunnel.
 15376 | Lair:6   | Identified Sif Muna's Reference Book on Helpful Transmutation
 15777 | Lair:6   | Paralysed by a hornet for 3 turns
 15800 | Lair:6   | Paralysed by a hornet for 1 turns
 16055 | Lair:6   | Received a gift from Trog
 16418 | D:12     | Received a gift from Trog
 16860 | D:13     | Found a gate to the Vaults.
 16867 | D:13     | Reached skill level 18 in Axes
 17052 | D:13     | Found Zitsyvak's Jewellery Emporium.
 17158 | D:13     | Noticed brujo666's ghost (adept FoFi)
 17173 | D:13     | Killed brujo666's ghost
 17634 | D:14     | Noticed Sonja
 17642 | D:14     | Killed Sonja
 17699 | D:14     | Found Ogryaqia's Antique Weapon Shoppe.
 17769 | D:14     | Found a transporter.
 18034 | D:14     | Received a gift from Trog
 18293 | D:14     | Noticed Kirke
 18310 | D:14     | Killed Kirke
 18350 | D:14     | Identified the ring of the Leaf {rElec rC+ AC+2 Str+8} (You took it off a centaur on level 14 of the Dungeon)
 18465 | D:14     | Found a transporter.
 18648 | D:15     | Entered Level 15 of the Dungeon
 18657 | D:15     | Reached XP level 15. HP: 139/139 MP: 4/14
 18677 | D:15     | Reached skill level 19 in Axes
 19090 | D:15     | Found a staircase to the Depths.
 19797 | Orc:1    | Entered Level 1 of the Orcish Mines
 19797 | Orc:1    | Noticed an orc warlord
 19808 | Orc:1    | Received a gift from Trog
 19815 | Orc:1    | Killed an orc warlord
 20026 | Orc:2    | Entered Level 2 of the Orcish Mines
 20061 | Orc:2    | Found a staircase to the Elven Halls.
 20061 | Orc:2    | Noticed an orc warlord
 20067 | Orc:2    | Reached skill level 15 in Fighting
 20078 | Orc:2    | Killed an orc warlord
 20227 | Orc:2    | Found Bayn's Antique Armour Shop.
 20329 | Orc:2    | Found Egod's Antique Weapon Emporium.
 20336 | Orc:2    | Noticed Rupert
 20350 | Orc:2    | Paralysed by Rupert for 2 turns
 20592 | Orc:2    | Killed Rupert
 20592 | Orc:2    | Reached skill level 15 in Armour
 20798 | Orc:2    | Received a gift from Trog
 20944 | Orc:2    | Found Sumuogua's Book Shop.
 21110 | Orc:2    | Found Plog's General Store.
 21130 | Orc:2    | Bought a scroll of enchant armour for 127 gold pieces
 21130 | Orc:2    | Bought a potion of curing for 51 gold pieces
 21458 | D:13     | Bought an uncursed ring of poison resistance for 300 gold pieces
 21643 | Spider:1 | Entered Level 1 of the Spider Nest
 21707 | Spider:1 | Reached skill level 20 in Axes
 21718 | Spider:1 | Slain by an emperor scorpion

Vault maps used:
D:1:      eino_arrival_cavern_a
D:2:      grunt_qazlal_clouds, chequers_ecumenical_altar_simple_redux,
          kennysheep_generic_room_16, uniq_sigmund
D:3:      nicolae_overflow_crystal_walls, st_stairs_3, uniq_jessica
D:4:      chequers_temple_overflow_minitemple, serial_glass, glass_columns_a,
          glass_columns_c, led_sif_book, uniq_blork_the_orc
D:5:      minmay_temple_entry_junction, basic_altar, first_ration, uniq_edmund
D:6:      basic_altar, uniq_crazy_yiuf_cottage, uniq_grinder, uniq_eustachio
D:7:      elyvilon_altar_5
D:9:      kennysheep_mini, orc_0_dummy, uniq_prince_ribbit1, uniq_erica,
          uniq_grum
D:10:     lemuel_insect_pit, the_bakery
D:11:     due_lair_maze_entry_diamond, grunt_decor_mini_mirrors
D:13:     david_vaults_2, serial_shops, shop_fountains
D:14:     gammafunk_dig_for_victory, minmay_misc_feat_pillars, serial_shops,
          shop, minmay_protected_statue, uniq_sonja, uniq_kirke
D:15:     hangedman_depths_entry_civil_slaughter, minmay_crystal_room
Lair:1:   portal_ice_cave_entry_pillars_2, beast_lair_carwin_2
Lair:2:   grunt_megastairs_4, infiniplex_staircase_pool_2
Lair:3:   eino_house_with_fridge, uniq_snorg
Lair:4:   minmay_shoals_entry_lonely_mermaid, dummy_spider_entry,
          nicolae_lair_yak_garden, serial_bayou_shore_a, uniq_harold
Lair:5:   minmay_slime_entry_jelly_boxes, lemuel_fruit_tree
Lair:6:   minmay_lair_end_enchanted_forest, enter_volcano_2, st_stairs_13,
          grunt_forest_large_clearings, serial_bayou_shore_b
Orc:2:    grunt_orc_gardens, grunt_orc_garden, grunt_orc_garden,
          grunt_orc_garden, grunt_orc_garden, special_room, uniq_rupert
IceCv:    ice_cave_small_dragons

Skill      XL: |  1  2  3  4  5  6  7  8  9 10 11 12 13 14 15 |
---------------+----------------------------------------------+-----
Fighting       | 4 5 6 7 8 10 11 12 13 14 15 | 15.3
Axes           | 4 5 7 8 10 12 14 15 17 18 20 | 20.0
Armour         | 3 4 6 7 8 9 10 12 13 14 15 | 15.1
Dodging        | 3 4 5 6 7 9 10 11 12 13 14 | 14.0

Action                   |  1- 3 |  4- 6 |  7- 9 | 10-12 | 13-15 || total
-------------------------+-------+-------+-------+-------+-------++-------
Melee: Hand axe          |    82 |     2 |       |       |       ||    84
       Headbutt          |    11 |    14 |    41 |    93 |   186 ||   345
       War axe           |       |   107 |    14 |       |       ||   121
       Battleaxe         |       |       |   184 |   434 |   871 ||  1489
       Unarmed           |       |       |       |       |     3 ||     3
       Executioner's axe |       |       |       |       |    83 ||    83
Invok: Berserk           |     1 |     1 |     3 |     9 |    13 ||    27
  Use: Scroll            |       |       |     5 |    15 |     5 ||    25
       Potion            |       |       |     1 |    10 |     6 ||    17
  Eat: Chunk             |       |     7 |    14 |    23 |    43 ||    87
       Ration            |       |       |       |     2 |     2 ||     4
Armor: Chain mail        |    22 |       |       |       |       ||    22
       Animal skin       |     1 |       |       |       |       ||     1
       Plate armour      |    53 |    53 |   137 |   202 |       ||   445
       Ice dragon scales |       |       |       |    32 |   388 ||   420
       Skin              |       |       |       |       |     2 ||     2
Dodge: Dodged            |    47 |    44 |    98 |   308 |   847 ||  1344
       Deflected         |       |       |       |       |    14 ||    14

Table legend:
 A = Spawn XP
 B = Non-spawn XP
 C = Spawn XP percentage of total XP
 D = Spawn monster count
 E = Non-spawn monster count
 F = Spawn count percentage of total count
 G = Total turns spent on level
                    A         B        C        D         E        F      G
               +---------+---------+-------+---------+---------+-------+---------
         Total |       0 |  144299 |   0.0 |       0 |     795 |   0.0 | 21718
               +---------+---------+-------+---------+---------+-------+---------
           D:1 |       0 |      53 |   0.0 |       0 |      30 |   0.0 |   673
           D:2 |       0 |     278 |   0.0 |       0 |      24 |   0.0 |   752
           D:3 |       0 |     134 |   0.0 |       0 |      30 |   0.0 |   676
           D:4 |       0 |     387 |   0.0 |       0 |      13 |   0.0 |   789
           D:5 |       0 |     444 |   0.0 |       0 |      14 |   0.0 |   867
           D:6 |       0 |    1245 |   0.0 |       0 |      19 |   0.0 |  1204
           D:7 |       0 |    1098 |   0.0 |       0 |      22 |   0.0 |   642
           D:8 |       0 |    4102 |   0.0 |       0 |      27 |   0.0 |   892
           D:9 |       0 |    5401 |   0.0 |       0 |      39 |   0.0 |  1066
          D:10 |       0 |    4227 |   0.0 |       0 |      39 |   0.0 |  1002
          D:11 |       0 |    4649 |   0.0 |       0 |      33 |   0.0 |   981
          D:12 |       0 |    1555 |   0.0 |       0 |      17 |   0.0 |   719
          D:13 |       0 |   14281 |   0.0 |       0 |      45 |   0.0 |   880
          D:14 |       0 |   11355 |   0.0 |       0 |      34 |   0.0 |  1065
          D:15 |       0 |   15969 |   0.0 |       0 |      30 |   0.0 |   977
        Lair:1 |       0 |    2912 |   0.0 |       0 |      18 |   0.0 |   774
        Lair:2 |       0 |    6675 |   0.0 |       0 |      28 |   0.0 |  1031
        Lair:3 |       0 |    7022 |   0.0 |       0 |      38 |   0.0 |   934
        Lair:4 |       0 |   10178 |   0.0 |       0 |      28 |   0.0 |   895
        Lair:5 |       0 |    4158 |   0.0 |       0 |      30 |   0.0 |   691
        Lair:6 |       0 |   17616 |   0.0 |       0 |      94 |   0.0 |  1648
      Spider:1 |       0 |    6651 |   0.0 |       0 |      26 |   0.0 |    75
         Orc:1 |       0 |    3802 |   0.0 |       0 |      28 |   0.0 |   534
         Orc:2 |       0 |   14674 |   0.0 |       0 |      69 |   0.0 |   979
         IceCv |       0 |    5433 |   0.0 |       0 |      20 |   0.0 |   972
               +---------+---------+-------+---------+---------+-------+---------
